TOP OF THE 1ST |
Salt Lake Bees batting - Pitching for Scranton WB RailRiders : LHP Nate Ciccarelli
|
Pitching: LHP Nate Ciccarelli
|
|
Batting: RHB Reginald McDougall
|
0-0: Ball 1-0: Ground out 6-3 (Groundball, 56, EV 80.0 MPH)
|
Batting: RHB Justin Lauderdale
|
0-0: Ball 1-0: Ball 2-0: Ball 3-0: Called Strike 3-1: Foul Ball, location: 2F 3-2: Foul Ball, location: 2F 3-2: Base on Balls
|
Batting: RHB Mike Harkins
|
0-0: Called Strike 0-1: Ball 1-1: Called Strike 1-2: Hit by Pitch Justin Lauderdale to second
|
Batting: RHB Andres Mendiola
|
0-0: Ball 1-0: Called Strike Justin Lauderdale steals 3rd base Mike Harkins to second 1-1: Swinging Strike 1-2: Strikes out swinging
|
Batting: RHB Cesar Ortega
|
0-0: Ball 1-0: Swinging Strike 1-1: Ball 2-1: Ground out 4-3 (Groundball, 4S, EV 88.8 MPH)
|
Top of the 1st over - 0 runs, 0 hits, 0 errors, 2 left on base; Salt Lake 0 - Scranton WB 0 |
BOTTOM OF THE 1ST |
Scranton WB RailRiders batting - Pitching for Salt Lake Bees : RHP Ben Sedlacek
|
Pitching: RHP Ben Sedlacek
|
|
Batting: RHB Neal Tinoco
|
0-0: Ball 1-0: Ball 2-0: Called Strike 2-1: Ball 3-1: Fly out, F4 (Popup, 4M, EV 60.6 MPH)
|
Batting: RHB Ryan Alban
|
0-0: SINGLE (Groundball, 56, EV 93.8 MPH)
|
Batting: LHB Kazuyoshi Nakamura
|
0-0: Ball 1-0: Ball 2-0: Ball 3-0: Base on Balls Ryan Alban to second
|
Batting: SHB Cristiano Serrão
|
0-0: Ball 1-0: Swinging Strike 1-1: Called Strike 1-2: Strikes out swinging
|
Batting: RHB Scott King
|
0-0: Ball 1-0: Foul Ball, location: 2F 1-1: DOUBLE (Groundball, 5L, EV 109.4 MPH) Ryan Alban scores Kazuyoshi Nakamura to third
|
Batting: RHB Pat Bernier
|
0-0: Ball 1-0: Swinging Strike 1-1: Swinging Strike 1-2: Strikes out swinging
|
Bottom of the 1st over - 1 run, 2 hits, 0 errors, 2 left on base; Salt Lake 0 - Scranton WB 1 |
TOP OF THE 2ND |
Salt Lake Bees batting - Pitching for Scranton WB RailRiders : LHP Nate Ciccarelli
|
Batting: LHB Matt Patnaude
|
0-0: Foul Ball, location: 2F 0-1: Fly out, F8 (Flyball, 8LXD, EV 101.9 MPH)
|
Batting: RHB Guillermo Mojica
|
0-0: Reached on error, E2 (Groundball, 2L, EV 71.9 MPH)
|
Batting: SHB Ivan Barry
|
0-0: Ball 1-0: Called Strike 1-1: Ground out 4-3 (Groundball, 4, EV 98.1 MPH) Guillermo Mojica to third
|
Batting: RHB Justin Noll
|
0-0: Called Strike 0-1: Foul Ball, location: 2F 0-2: Ball 1-2: Ball 2-2: Fly out, F8 (Flyball, 8LM, EV 88.1 MPH)
|
Top of the 2nd over - 0 runs, 0 hits, 1 error, 1 left on base; Salt Lake 0 - Scranton WB 1 |
BOTTOM OF THE 2ND |
Scranton WB RailRiders batting - Pitching for Salt Lake Bees : RHP Ben Sedlacek
|
Batting: LHB Brad Ritter
|
0-0: Ground out 6-3 (Groundball, 4M, EV 105.6 MPH)
|
Batting: LHB Frank Mullen
|
0-0: SINGLE (Groundball, 5L, EV 87.5 MPH) (infield hit)
|
Batting: LHB Justin Covington
|
0-0: Called Strike 0-1: Ball 1-1: SINGLE (Line Drive, 3D, EV 97.5 MPH) Frank Mullen to second Runner from 2nd tries for 3rd, OUT! 9-5
|
Batting: RHB Neal Tinoco
|
0-0: Ball 1-0: Called Strike 1-1: Ball 2-1: DOUBLE (Line Drive, 78D, EV 111.9 MPH) Justin Covington to third
|
Batting: RHB Ryan Alban
|
0-0: Ball 1-0: Ball 2-0: Ball 3-0: Base on Balls
|
Batting: LHB Kazuyoshi Nakamura
|
0-0: Called Strike 0-1: Called Strike 0-2: Foul Ball, location: 2F 0-2: Ball 1-2: Ball 2-2: SINGLE (Groundball, 6M, EV 87.5 MPH) (infield hit) Justin Covington scores Neal Tinoco to third Ryan Alban to second
|
Batting: SHB Cristiano Serrão
|
0-0: Called Strike 0-1: Ground out 1-3 (Groundball, 13S, EV 70.0 MPH)
|
Bottom of the 2nd over - 1 run, 4 hits, 0 errors, 3 left on base; Salt Lake 0 - Scranton WB 2 |
TOP OF THE 3RD |
Salt Lake Bees batting - Pitching for Scranton WB RailRiders : LHP Nate Ciccarelli
|
Batting: RHB Reginald McDougall
|
0-0: Called Strike 0-1: Ball 1-1: Ground out 6-3 (Groundball, P, EV 84.4 MPH)
|
Batting: RHB Justin Lauderdale
|
0-0: Ground out 4-3 (Groundball, 4, EV 85.0 MPH)
|
Batting: RHB Mike Harkins
|
0-0: Fly out, F8 (Flyball, 8RD, EV 98.8 MPH)
|
Top of the 3rd over - 0 runs, 0 hits, 0 errors, 0 left on base; Salt Lake 0 - Scranton WB 2 |
BOTTOM OF THE 3RD |
Scranton WB RailRiders batting - Pitching for Salt Lake Bees : RHP Ben Sedlacek
|
Batting: RHB Scott King
|
0-0: Ball 1-0: Foul Ball, location: 2F 1-1: Foul Ball, location: 2F 1-2: Fly out, F1 (Line Drive, P, EV 70.0 MPH)
|
Batting: RHB Pat Bernier
|
0-0: Ball 1-0: Ball 2-0: Ball 3-0: Base on Balls
|
Batting: LHB Brad Ritter
|
0-0: Called Strike 0-1: Foul Ball, location: 2F 0-2: SINGLE (Groundball, 56D, EV 95.6 MPH) Pat Bernier to second
|
Batting: LHB Frank Mullen
|
0-0: Ball 1-0: Ball 2-0: Ball 3-0: Base on Balls Pat Bernier to third Brad Ritter to second
|
Batting: LHB Justin Covington
|
0-0: Fielders Choice at 2nd, 4-6 (Groundball, 4MS, EV 94.4 MPH) Pat Bernier scores Brad Ritter to third
|
Batting: RHB Neal Tinoco
|
0-0: Ball 1-0: Ball 2-0: Fielders Choice at 2nd, 5-4 (Groundball, 56, EV 110.0 MPH)
|
Bottom of the 3rd over - 1 run, 1 hit, 0 errors, 2 left on base; Salt Lake 0 - Scranton WB 3 |
TOP OF THE 4TH |
Salt Lake Bees batting - Pitching for Scranton WB RailRiders : LHP Nate Ciccarelli
|
Batting: RHB Andres Mendiola
|
0-0: SINGLE (Groundball, 3S, EV 68.8 MPH) (infield hit)
|
Batting: RHB Cesar Ortega
|
Pickoff Throw to First - Error! E1 Andres Mendiola to second 0-0: Fly out, F4 (Popup, 34, EV 58.1 MPH)
|
Batting: LHB Matt Patnaude
|
0-0: Called Strike 0-1: Swinging Strike 0-2: Foul Ball, location: 2F 0-2: Ball 1-2: Ball 2-2: Ground out 1-3 (Groundball, 34S, EV 60.6 MPH) Andres Mendiola to third
|
Batting: RHB Guillermo Mojica
|
0-0: Ball 1-0: Swinging Strike 1-1: Called Strike 1-2: Strikes out swinging
|
Top of the 4th over - 0 runs, 1 hit, 1 error, 1 left on base; Salt Lake 0 - Scranton WB 3 |
BOTTOM OF THE 4TH |
Scranton WB RailRiders batting - Pitching for Salt Lake Bees : RHP Ben Sedlacek
|
Batting: RHB Ryan Alban
|
0-0: Ball 1-0: Called Strike 1-1: Ball 2-1: Ball 3-1: Swinging Strike 3-2: Strikes out swinging
|
Batting: LHB Kazuyoshi Nakamura
|
0-0: Ball 1-0: Ball 2-0: Ball 3-0: Called Strike 3-1: Base on Balls
|
Batting: SHB Cristiano Serrão
|
0-0: Ball 1-0: Fly out, F8 (Line Drive, 8RD, EV 91.9 MPH)
|
Batting: RHB Scott King
|
0-0: Ball Kazuyoshi Nakamura steals 2nd, throwing error, E2 Kazuyoshi Nakamura to third 1-0: Fly out, F7 (Flyball, 7, EV 88.8 MPH)
|
Bottom of the 4th over - 0 runs, 0 hits, 1 error, 1 left on base; Salt Lake 0 - Scranton WB 3 |
TOP OF THE 5TH |
Salt Lake Bees batting - Pitching for Scranton WB RailRiders : LHP Nate Ciccarelli
|
Batting: SHB Ivan Barry
|
0-0: Ball 1-0: Ball 2-0: Ball 3-0: Called Strike 3-1: Foul Ball, location: 2F 3-2: Strikes out swinging
|
Batting: RHB Justin Noll
|
0-0: Called Strike 0-1: Foul Ball, location: 2F 0-2: Ball 1-2: Foul Ball, location: 2F 1-2: Strikes out looking
|
Batting: RHB Reginald McDougall
|
0-0: Called Strike 0-1: Fly out, F9 (Flyball, 9, EV 85.6 MPH)
|
Top of the 5th over - 0 runs, 0 hits, 0 errors, 0 left on base; Salt Lake 0 - Scranton WB 3 |
BOTTOM OF THE 5TH |
Scranton WB RailRiders batting - Pitching for Salt Lake Bees : RHP Ben Sedlacek
|
Batting: RHB Pat Bernier
|
0-0: Ball 1-0: Ball 2-0: Called Strike 2-1: Called Strike 2-2: Strikes out looking
|
Batting: LHB Brad Ritter
|
0-0: Ball 1-0: Called Strike 1-1: Ball 2-1: Ball 3-1: Ground out 3-1 (Groundball, 34, EV 103.1 MPH)
|
Batting: LHB Frank Mullen
|
0-0: Called Strike 0-1: Foul Ball, location: 2F 0-2: Ball 1-2: Ground out 4-3 (Groundball, 4MS, EV 86.9 MPH)
|
Bottom of the 5th over - 0 runs, 0 hits, 0 errors, 0 left on base; Salt Lake 0 - Scranton WB 3 |
TOP OF THE 6TH |
Salt Lake Bees batting - Pitching for Scranton WB RailRiders : LHP Nate Ciccarelli
|
Batting: RHB Justin Lauderdale
|
0-0: Ball 1-0: Foul Ball, location: 2F 1-1: Swinging Strike 1-2: Foul Ball, location: 2F 1-2: Foul Ball, location: 2F 1-2: Ground out 5-3 (Groundball, 56, EV 98.8 MPH)
|
Batting: RHB Mike Harkins
|
0-0: Ball 1-0: Called Strike 1-1: Swinging Strike 1-2: Ball 2-2: Foul Ball, location: 2F 2-2: Ball 3-2: Base on Balls
|
Batting: RHB Andres Mendiola
|
0-0: Ball 1-0: Called Strike 1-1: Ball 2-1: Ball 3-1: Fly out, F4 (Popup, 4, EV 70.0 MPH)
|
Batting: RHB Cesar Ortega
|
0-0: Called Strike 0-1: Ball 1-1: Foul Ball, location: 2F 1-2: Ground out 5-3 (Groundball, 5S, EV 88.8 MPH)
|
Top of the 6th over - 0 runs, 0 hits, 0 errors, 1 left on base; Salt Lake 0 - Scranton WB 3 |
BOTTOM OF THE 6TH |
Scranton WB RailRiders batting - Pitching for Salt Lake Bees : RHP Ben Sedlacek
|
Batting: LHB Justin Covington
|
0-0: Ball 1-0: Ball 2-0: Fly out, F7 (Line Drive, 7D, EV 93.8 MPH)
|
Batting: RHB Neal Tinoco
|
0-0: Called Strike 0-1: Foul Ball, location: 2F 0-2: Strikes out looking
|
Batting: RHB Ryan Alban
|
0-0: Ball 1-0: Ball 2-0: Foul Ball, location: 2F 2-1: Ball 3-1: Called Strike 3-2: Strikes out looking
|
Bottom of the 6th over - 0 runs, 0 hits, 0 errors, 0 left on base; Salt Lake 0 - Scranton WB 3 |
TOP OF THE 7TH |
Salt Lake Bees batting - Pitching for Scranton WB RailRiders : LHP Nate Ciccarelli
|
Batting: LHB Matt Patnaude
|
0-0: Ball 1-0: Called Strike 1-1: Ball 2-1: Ground out 4-3 (Groundball, 4, EV 79.4 MPH)
|
Batting: RHB Guillermo Mojica
|
0-0: Ground out 5-3 (Groundball, 56S, EV 68.8 MPH)
|
Batting: SHB Ivan Barry
|
0-0: Called Strike 0-1: Ground out U3 (Groundball, 34D, EV 85.0 MPH)
|
Top of the 7th over - 0 runs, 0 hits, 0 errors, 0 left on base; Salt Lake 0 - Scranton WB 3 |
BOTTOM OF THE 7TH |
Scranton WB RailRiders batting - Pitching for Salt Lake Bees : RHP Ben Sedlacek
|
Pitching: LHP Matt Barr
|
|
Batting: LHB Kazuyoshi Nakamura
|
0-0: Swinging Strike 0-1: Foul Ball, location: 2F 0-2: Foul Ball, location: 2F 0-2: Ball 1-2: Strikes out looking
|
Batting: SHB Cristiano Serrão
|
0-0: Swinging Strike 0-1: Foul Ball, location: 2F 0-2: Ball 1-2: SINGLE (Line Drive, 5D, EV 98.1 MPH)
|
Batting: RHB Scott King
|
0-0: Ball 1-0: Ball 2-0: Foul Ball, location: 2F 2-1: Foul Ball, location: 2F 2-2: Ball 3-2: Grounds into double play, 4-6-3 (Groundball, 4M, EV 100.6 MPH)
|
Bottom of the 7th over - 0 runs, 1 hit, 0 errors, 0 left on base; Salt Lake 0 - Scranton WB 3 |
TOP OF THE 8TH |
Salt Lake Bees batting - Pitching for Scranton WB RailRiders : LHP Nate Ciccarelli
|
Batting: RHB Justin Noll
|
0-0: Ball 1-0: Ball 2-0: Called Strike 2-1: Foul Ball, location: 2F 2-2: Fly out, F9 (Line Drive, 9, EV 96.9 MPH)
|
Batting: RHB Reginald McDougall
|
0-0: Called Strike 0-1: Foul Ball, location: 2F 0-2: Ball 1-2: Ball 2-2: Ground out U3 (Groundball, 3L, EV 86.9 MPH)
|
Batting: RHB Justin Lauderdale
|
0-0: Ball 1-0: Ball 2-0: SINGLE (Groundball, 34D, EV 101.9 MPH)
|
Batting: RHB Mike Harkins
|
0-0: Called Strike 0-1: Swinging Strike 0-2: Strikes out swinging
|
Top of the 8th over - 0 runs, 1 hit, 0 errors, 1 left on base; Salt Lake 0 - Scranton WB 3 |
BOTTOM OF THE 8TH |
Scranton WB RailRiders batting - Pitching for Salt Lake Bees : LHP Matt Barr
|
Batting: RHB Pat Bernier
|
0-0: Ground out 4-3 (Groundball, 4S, EV 68.8 MPH)
|
Batting: LHB Brad Ritter
|
0-0: Called Strike 0-1: Ball 1-1: Fly out, F8 (Flyball, 8LM, EV 92.5 MPH)
|
Batting: LHB Frank Mullen
|
0-0: Ball 1-0: Ball 2-0: Ball 3-0: Base on Balls
|
Batting: LHB Justin Covington
|
0-0: Called Strike Frank Mullen steals 2nd base 0-1: Ball 1-1: Ball 2-1: Ball 3-1: SINGLE (Line Drive, 34, EV 97.5 MPH) Frank Mullen to third Runner from 3rd tries for Home, SAFE, throw by RF to home
|
Batting: RHB Neal Tinoco
|
0-0: Ball 1-0: Foul Ball, location: 2F 1-1: Ball 2-1: Ball 3-1: Base on Balls Justin Covington to second
|
Batting: RHB Ryan Alban
|
0-0: Foul Ball, location: 2F 0-1: Ball 1-1: Foul Ball, location: 2F 1-2: Ball 2-2: Ball 3-2: Foul Ball, location: 2F 3-2: Ground out 4-3 (Groundball, 13, EV 82.5 MPH)
|
Bottom of the 8th over - 1 run, 1 hit, 0 errors, 2 left on base; Salt Lake 0 - Scranton WB 4 |
TOP OF THE 9TH |
Salt Lake Bees batting - Pitching for Scranton WB RailRiders : LHP Nate Ciccarelli
|
Pitching: RHP Justin Byrne
|
|
Batting: RHB Andres Mendiola
|
0-0: Ball 1-0: Foul Ball, location: 2F 1-1: Fly out, F8 (Line Drive, 8RM, EV 88.8 MPH)
|
Batting: RHB Cesar Ortega
|
0-0: Called Strike 0-1: Foul Ball, location: 2F 0-2: Ball 1-2: SINGLE (Groundball, 56S, EV 74.4 MPH) (infield hit)
|
Batting: LHB Matt Patnaude
|
0-0: Called Strike 0-1: Foul Ball, location: 2F 0-2: Foul Ball, location: 2F 0-2: Foul Ball, location: 2F 0-2: Ball 1-2: Ball 2-2: Ball 3-2: Base on Balls Cesar Ortega to second
|
Pitching: RHP Tom Kelley
|
|
Batting: RHB Guillermo Mojica
|
0-0: Ball 1-0: Foul Ball, location: 2F 1-1: Swinging Strike 1-2: Foul Ball, location: 2F 1-2: Strikes out looking
|
Batting: SHB Ivan Barry
|
0-0: Foul Ball, location: 2F 0-1: Ball 1-1: Swinging Strike 1-2: Strikes out looking
|
Top of the 9th over - 0 runs, 1 hit, 0 errors, 2 left on base; Salt Lake 0 - Scranton WB 4 |
|